 Dungeon Crawl Stone Soup version 0.18-a0-1797-gc18daef (webtiles) character file.

107 macross the Covert (level 4, -1/23 HPs)
             Began as a Spriggan Assassin on Apr 22, 2016.
             Slain by Crazy Yiuf
             ... wielding a +4 quarterstaff of chaos
              (10 damage)
             ... on level 4 of the Dungeon.
             The game lasted 00:03:23 (990 turns).

macross the Covert (Spriggan Assassin)               Turns: 990, Time: 00:03:23

Health: -1/23      AC:  3    Str:  7    XL:     4   Next: 56%
Magic:  0/5        EV: 17    Int: 12    God:
Gold:   18         SH:  0    Dex: 18    Spells: 0 memorised, 3 levels left

rFire  . . .     SeeInvis +     a - +2 dagger
rCold  . . .     Gourm    .     c - +0 robe
rNeg   . . .     Faith    .     (shield restricted)
rPois  .         Spirit   .     (helmet restricted)
rElec  .         Dismiss  .     d - +0 cloak
rCorr  .         Reflect  .     (gloves unavailable)
SustAt .         Harm     .     (boots unavailable)
MR     .....                    (no amulet)
Stlth  +++++.....               (no ring)
                                (no ring)

@: slowed, quick, not resistant to hostile enchantments, quite stealthy
A: unfitting armour, see invisible, herbivore 3, speed 3, slow metabolism 2
a: no special abilities


You were on level 4 of the Dungeon.
You were not hungry.

You visited 1 branch of the dungeon, and saw 4 of its levels.

You collected 18 gold pieces.

Inventory:

Hand Weapons
 a - a +2 dagger (weapon)
 b - a +0 blowgun
 k - a +0 dagger
Missiles
 e - 41 poisoned needles
 f - 2 curare-tipped needles
Armour
 c - a +0 robe (worn)
 d - a +0 cloak (worn)
Scrolls
 h - 2 scrolls of identify {unknown}
 i - a scroll of enchant weapon {unknown}
 j - a scroll of fog {unknown}
 l - a scroll of blinking {unknown}
 m - a scroll of remove curse {unknown}
 n - 3 scrolls of noise {unknown}
Comestibles
 g - a bread ration


   Skills:
 + Level 1.7 Fighting
 * Level 2.8 Short Blades
 - Level 2.0 Throwing
 + Level 1.7 Dodging
 * Level 8.6 Stealth


You had 3 spell levels left.
You didn't know any spells.

Dungeon Overview and Level Annotations

Branches:
Dungeon (4/15)             Temple (0/1) D:4

Altars:
Yredelemnul

Annotations:
D:4 Crazy Yiuf, Edmund


Innate Abilities, Weirdness & Mutations

You are tiny and cannot use many weapons and most armour.
You have supernaturally acute eyesight.
You are a herbivore.
You cover ground extremely quickly.
You need consume almost no food.


Message History

The howler monkey hoots and howls with incredible vigour!
You hear a howl!
The worker ant completely misses you. The howler monkey barely misses you.
The howler monkey completely misses you.
Crazy Yiuf glowers.
There is an open door here.
Crazy Yiuf hits you with a quarterstaff of chaos!
You feel your power leaking away. The worker ant barely misses you.
The worker ant barely misses you.
Crazy Yiuf says, "Leather!"
Crazy Yiuf hits you with a quarterstaff of chaos.
You feel yourself slow down. The worker ant misses you.
The howler monkey barely misses you.
The howler monkey completely misses you.
The worker ant barely misses you.
Crazy Yiuf yells, "Blight!"
Crazy Yiuf hits you with a quarterstaff of chaos!
You die...

#..# #.#
♣♣.♣♣ #..#
#.# ####..#
#.# ♣♣.♣ #...
#.# ....%.#
#.# ♣.♣♣ #...
#.# .####.##
#.# ♣♣h♣ ...
.###.#.###.##
♣.♣♣ ...
.##.###.....#
##'## .#.##
##....# #...#
.##.###<##.##
#ga.#
.###.#.###.##
#@h.# .#
##..##...#
#####
.#####.##.#.#
.#.....##...#
##.##########
# #.#.## #.
.###.## # #.#
#. ## ##.##
.# ##.####. #
##.# ###.#
#.......


You could see Crazy Yiuf, 2 howler monkeys and a worker ant.

Vanquished Creatures
  A crimson imp (D:4)
  An iguana (D:4)
  A worker ant (D:4)
  An adder (D:4)
  3 giant geckos (D:4)
  A giant cockroach (D:3)
  A goblin (D:1)
  A hobgoblin (D:3)
  A giant newt (D:3)
  A kobold (D:1)
  A rat (D:1)
13 creatures vanquished.

Notes
Turn   | Place    | Note
--------------------------------------------------------------
     0 | D:1      | macross the Spriggan Assassin began the quest for the Orb.
     0 | D:1      | Reached XP level 1. HP: 10/10 MP: 2/2
    47 | D:1      | Reached skill level 6 in Stealth
   346 | D:4      | Found a basalt altar of Yredelemnul.
   618 | D:4      | Reached XP level 2. HP: 9/15 MP: 3/3
   776 | D:4      | Found a staircase to the Ecumenical Temple.
   776 | D:4      | Noticed Edmund
   783 | D:4      | Noticed a crimson imp
   791 | D:4      | Killed a crimson imp
   791 | D:4      | Reached skill level 7 in Stealth
   791 | D:4      | Reached XP level 3. HP: 16/18 MP: 4/4
   818 | D:4      | Reached XP level 4. HP: 22/23 MP: 5/5
   874 | D:4      | Reached skill level 8 in Stealth
   974 | D:4      | Noticed Crazy Yiuf
   990 | D:4      | Slain by Crazy Yiuf

Vault maps used:
D:1:      saegor_arrival_simple_f, hangedman_abyss_or_decor_stabs, minivault_14
D:2:      overflow_temple_1_default
D:3:      grunt_temple_overflow_order_and_chaos_1,
          nicolae_dithmenos_through_a_glass_darkly, uniq_grinder
D:4:      old_standard_altar, minmay_temple_entry_glassed_door,
          uniq_crazy_yiuf_cottage, uniq_edmund

Skill      XL: |  1  2  3  4 |
---------------+-------------+-----
Stealth        | 6 7 8 |  8.6
Fighting       | |  1.7
Short Blades   | |  2.8
Throwing       | |  2.0
Dodging        | |  1.7

Action                   |  1- 3 |  4- 6 || total
-------------------------+-------+-------++-------
Melee: Dagger            |    19 |    10 ||    29
 Stab: Sleeping          |     5 |     4 ||     9
Armor: Robe              |     2 |     3 ||     5
Dodge: Dodged            |     6 |    18 ||    24
